[Event "Late-Titled-Tuesday-Blitz-September-26-2023"]
[Site "Chess.com"]
[Date "2023.09.26"]
[Round "2"]
[White "TheMagician"]
[Black "Goryachkina"]
[Result "1-0"]
[WhiteElo "2261"]
[BlackElo "2656"]
[TimeControl "180+1"]
[EndTime "14:19:21 PDT"]
[Termination "TheMagician won on time"]

1. a3 d5 2. d4 Nf6 3. Bf4 Bf5 4. e3 e6 5. h3 Bd6 6. Bxd6 Qxd6 7.
c4 c6 8. Nc3 Nbd7 9. cxd5 exd5 10. Bd3 Bxd3 11. Qxd3 O-O 12. Nge2 Rfe8 13. O-O Nb6 14.
b3 Re7 15. Ng3 g6 16. Nge2 Rae8 17. Qc2 h5 18. Na4 Kg7 19. Nc5 Ne4 20. Nxe4 Rxe4 21. Nc3 R4e7 22. Na4 Qf6 23. Nc5 g5 24. Qd1 Qg6 25.
Qb1 g4 26. Qxg6+ Kxg6 27. hxg4 hxg4 28. g3 Nc8 29. Kg2 Nd6 30. Rh1 Ne4 31. Nxe4 dxe4 32.
Rh4 f5 33. Rah1 Rg8 34. Rh6+ Kg7 35. Rh7+ Kf8 36. Rxe7 Kxe7 37. Rh7+ Kd6 38. Rxb7 a5 39. b4 axb4 40. axb4 Ra8 41. b5 cxb5 42. Rxb5 Ke6 43. Re5+ Kf6 44. Rb5 Ra1 45. Rb6+ Kf7 46. Rb2 Rd1 47. Rb6 Ke7 48. Rh6 Kf7 49. Rh8 Ke7 50.
Rb8 Kf7 51. Rb5 Kf6 52. Re5 Kg6 53. Re6+ Kf7 54. Ra6 Ke7 55. Ra5 Kf6 56. Ra8 Kf7 57. Rh8 Kf6 58. Rh1 Rd2 59. Rc1 Ke6 60. Kf1 Kf6 61. Ke1 Rb2 62. Rd1 Ra2 63. Rd2 Ra1+ 64. Ke2 Ke6 65. Rb2 Ke7 66. Kd2 Ke6 67. Kc3 Rc1+ 68.
Rc2 Rb1 69. Kc4 Kd6 70. Kc3 Ke6 71. Kd2 Kf6 72. Rc1 Rb2+ 73. Rc2 Rb1 74. Ra2 Ke6 75. Ra6+ Kf7 76. Kc3 Rf1 77. Ra2 Rc1+ 78. Rc2 Rb1 79. Kc4 Ke6 80. Kc5 Rd1 81. Kc6 Rd3 82. Kc7 Rd1 83.
Rc6+ Kf7 84. Kd6 Kf6 85. Kd5+ Kg5 86. Rc2 Rd3 87. Ke5 Ra3 88. d5 Ra5 89. Ke6 1-0

[Event "Late-Titled-Tuesday-Blitz-September-26-2023"]
[Site "Chess.com"]
[Date "2023.09.26"]
[Round "2"]
[White "simplerXiao"]
[Black "Javylavilla"]
[Result "1-0"]
[WhiteElo "2510"]
[BlackElo "2323"]
[TimeControl "180+1"]
[EndTime "14:19:28 PDT"]
[Termination "simplerXiao won by resignation"]

1. e4 c5 2. Nf3 d6 3. d4 cxd4 4. Nxd4 Nf6 5. Nc3 Nc6 6. Bc4 e6 7. Be3 a6 8. Bb3 Bd7 9. Qe2 Qc7 10. O-O-O b5 11. Kb1 Na5 12. f3 Nxb3 13. cxb3 Be7 14. g4 O-O 15. g5 Ne8 16. f4 b4 17.
Na4 Bxa4 18. bxa4 Qa5 19. Nb3 Qxa4 20. Bd4 e5 21. fxe5 dxe5 22. Bxe5 Bxg5 23. Rhg1 f6 24. Bd4 Rc8 25. e5 Qc6 26. e6 Nd6 27. Bc5 Bf4 28.
e7 Rfe8 29. Qe6+ Nf7 30. Qf5 Be5 31. Rc1 Qb7 32. Qg4 g6 33. h4 f5 34. Qxf5 a5 35. Qe6 a4 36. Rgf1 Qe4+ 37. Rc2 axb3 38.
Qxf7+ Kh8 39. axb3 Bg7 40. Qc4 Rxe7 41. Qxb4 Qxb4 42.
Bxb4 Rxc2 43. Kxc2 Re2+ 44. Bd2 Bxb2 45. h5 Be5 46.
hxg6 hxg6 47. Kd3 Rh2 48. b4 Kg7 49. b5 Rh3+ 50. Kc4 Rh2 51. Be3 Rb2 52. b6 g5 53.
Kd5 Bf6 54. Rxf6 Rb5+ 55. Kc4 Re5 56. Bxg5 Rxg5 57. Rc6 Rg1 58. Kc5 Rb1 59. Rc7+ Kf6 60. Kc6 Ke6 61. Kb7 Kd6 62. Rc2 Rb3 63. Rd2+ Kc5 64.
Rc2+ Kd6 65. Rc6+ Kd7 66. Rc7+ Kd6 67. Rc1 Rb2 68. Ka7 Ra2+ 69. Kb8 Rb2 70. b7 Kd7 71. Rd1+ Kc6 72. Rc1+ Kd7 73. Rc3 Rb6 74. Ka7 Rb1 75. Rd3+ Kc6 76. Rc3+ Kd7 77. b8=Q Ra1+ 78. Kb7 Rb1+ 79.
Ka8 Ra1+ 80. Qa7+ Rxa7+ 81. Kxa7 Kd6 82. Kb6 Kd5 83. Rc5+ 1-0

[Event "Late-Titled-Tuesday-Blitz-September-26-2023"]
[Site "Chess.com"]
[Date "2023.09.26"]
[Round "2"]
[White "alexrustemov"]
[Black "Thjop"]
[Result "0-1"]
[WhiteElo "2884"]
[BlackElo "2599"]
[TimeControl "180+1"]
[EndTime "14:19:31 PDT"]
[Termination "Thjop won by resignation"]

1. d4 Nf6 2. c4 g6 3. Nf3 Bg7 4.
g3 O-O 5. Bg2 d6 6. O-O c6 7. Nc3 Qb6 8. h3 Qa6 9. Nd2 e5 10. d5 c5 11. b3 Qb6 12. Bb2 a6 13. Qc2 Nbd7 14. Rae1 Qa5 15. a4 Qc7 16. e4 b6 17. f4 Nh5 18. Ne2 Rb8 19. f5 Bh6 20. Nf3 b5 21. axb5 axb5 22. g4 Be3+ 23. Kh2 Nf4 24. Ng3 Nxg2 25. Kxg2 Bd4 26. Bc1 bxc4 27. bxc4 Qb6 28. Bh6 Qa6 29. Nxd4 cxd4 30. Bxf8 Kxf8 31. fxg6 hxg6 32. g5 Nc5 33. Ra1 Qb6 34.
Rfb1 Qc7 35. Rxb8 Qxb8 36. Rb1 Qa7 37. Qb2 Qd7 38. Rh1 Ba6 39. Qe2 Qa4 40. Qf2 Bxc4 41. Rb1 Qa7 42. h4 Nd3 43. Qc2 Nf4+ 44. Kh2 d3 45.
Qb2 Kg7 46. Rf1 d2 47. Qxd2 Bxf1 48. Nxf1 Qa4 49. Ng3 Qa1 50. Qf2 Qd1 51. Nf1 Qg4 52. Ne3 Qh3+ 53. Kg1 Qc8 54. Qf3 Qc1+ 55. Kh2 Qd2+ 56. Kg1 Qe1+ 57. Nf1 Qxh4 58. Ng3 Qxg3+ 59. Qxg3 Ne2+ 60. Kf2 Nxg3 61. Kxg3 f6 62. gxf6+ Kxf6 63. Kg4 Kf7 64. Kg3 Kg7 65. Kh3 Kh6 66. Kh4 g5+ 67.
Kh3 Kh5 68. Kg3 g4 69. Kf2 Kh4 70. Kg2 g3 71. Kg1 Kg4 72. Kg2 Kf4 73. Kh3 Kxe4 74. Kxg3 Kxd5 75. Kf3 Kd4 76. Ke2 d5 77. Kd1 e4 78. Ke2 Ke5 79. Kd2 d4 80. Ke2 Kf4 81.
Kd2 Kf3 82. Ke1 Ke3 83. Kd1 Kf2 84. Kd2 e3+ 0-1

[Event "Late-Titled-Tuesday-Blitz-September-26-2023"]
[Site "Chess.com"]
[Date "2023.09.26"]
[Round "2"]
[White "SaqoChess_Twitch"]
[Black "cukus"]
[Result "1/2-1/2"]
[WhiteElo "2640"]
[BlackElo "2383"]
[TimeControl "180+1"]
[EndTime "14:19:37 PDT"]
[Termination "Game drawn - insufficient material"]

1. d4 d5 2. c4 e6 3. Nc3 a6 4. Nf3 dxc4 5. a4 Nc6 6. e3 Na5 7. Nd2 c5 8. Nxc4 Nxc4 9. Bxc4 Nf6 10.
O-O cxd4 11. exd4 Be7 12. Be3 O-O 13. h3 b6 14. d5 exd5 15. Nxd5 Nxd5 16. Bxd5 Ra7 17.
a5 Bc5 18. axb6 Bxb6 19. Qb3 Bxe3 20. fxe3 Qe7 21. Rac1 Be6 22. Bxe6 Qxe6 23. Qxe6 fxe6 24. Rxf8+ Kxf8 25. Rc6 Kf7 26. Kf2 Rb7 27. Rxa6 Rxb2+ 28. Kf3 Rb4 29. Ra7+ Kf6 30. g4 h6 31. Ra1 Rc4 32. Ra5 Rb4 33. Rc5 Ra4 34. Rc8 Kf7 35. Rd8 Rb4 36. Rd4 Rb1 37. h4 Rf1+ 38. Ke4 Kf6 39. Rd8 Rg1 40. Kf3 Rf1+ 41. Kg3 Re1 42. Rf8+ Ke7 43. Rf3 Ra1 44. g5 Rg1+ 45. Kf4 Kd6 46. e4 Ke7 47. Ra3 Kf7 48. gxh6 gxh6 49. h5 Rg5 50. Ra7+ Kf6 51. Rh7 Rxh5 52. e5+ Kg6 53.
Re7 Rf5+ 54. Ke4 Rf1 55. Rxe6+ Kf7 56. Ra6 Ke7 57. Rxh6 Re1+ 58. Kf5 Rf1+ 59. Kg4 Re1 60. Kf4 Rf1+ 61. Kg4 Re1 62. Rh5 Ke6 63. Kf4 Rf1+ 64.
Ke4 Re1+ 65. Kd4 Rd1+ 66. Kc3 Re1 67. Rh8 Rxe5 68. Kd4 Rd5+ 69. Kc4 Ra5 70. Rh6+ Kf7 71. Kb4 Rg5 72. Rc6 Kg7 73. Kc3 Rd5 74. Kc4 Rd8 75. Rc7+ Kf6 76. Kc5 Ke5 77. Rh7 Kf6 78. Kc6 Rd1 79.
Kc7 Kg6 80. Rh2 Kg5 81. Rg2+ Kf4 82. Rg8 Kf5 83. Rf8+ Ke6 84. Re8+ Kf7 85. Re2 Kf6 86. Kc6 Kf5 87. Kc5 Kf4 88. Kc4 Rd8 89. Re6 Kf5 90. Rc6 Ke4 91. Rc5 Rd7 92. Kb5 Rd8 93. Kc6 Rd1 94. Rc4+ Rd4 95. Kc5 Rxc4+ 96. Kxc4 1/2-1/2

[Event "Late-Titled-Tuesday-Blitz-September-26-2023"]
[Site "Chess.com"]
[Date "2023.09.26"]
[Round "2"]
[White "Slovak_fighter2000"]
[Black "K_alena13"]
[Result "1-0"]
[WhiteElo "2446"]
[BlackElo "2133"]
[TimeControl "180+1"]
[EndTime "14:19:41 PDT"]
[Termination "Slovak_fighter2000 won on time"]

1. e4 e5 2. Nf3 Nc6 3. Nc3 Nf6 4.
d4 exd4 5. Nxd4 Bb4 6. Nxc6 bxc6 7.
Bd3 d5 8. exd5 cxd5 9. O-O O-O 10. Bg5 Be7 11. h3 h6 12. Bf4 Be6 13. Qf3 c6 14. Rad1 Qb6 15. b3 Rae8 16. Rfe1 Qa5 17. Be5 Nd7 18. Na4 Nxe5 19. Rxe5 Qc7 20. Rde1 Bf6 21.
R5e2 Qd6 22. Bf5 Bd7 23. Bxd7 Qxd7 24. Nc5 Qc8 25. Nd3 Re6 26. Nf4 Rxe2 27. Rxe2 Re8 28. Nd3 Bd4 29. g4 Qd8 30. Kg2 Kf8 31. Nf4 Rxe2 32. Nxe2 Bb6 33. Nf4 Qf6 34. Nd3 Qe6 35. Qf4 Kg8 36. Qe5 Qxe5 37. Nxe5 c5 38. c4 f6 39. Nd3 dxc4 40. bxc4 Kf7 41. Kf3 Ke6 42. Ke4 g5 43. f4 a6 44. f5+ Kd6 45. Nc1 Ba5 46.
Ne2 Bb6 47. Nc3 Bd8 48. Nd5 Kc6 49. Ne3 Kd6 50. Nf1 Kc6 51. Ng3 Kd6 52. Nh5 Kc6 53. Ng7 Be7 54. Ne6 Kd6 55. a3 Kc6 56. Ng7 Kd6 57. Nh5 Kc6 58. Ng3 Kd6 59. Ne2 Kc6 60.
Nc1 Bd8 61. Nd3 Kd6 62. Kf3 Be7 63. Ke2 Kc6 64. Kd1 Kd6 65. Kc2 Kc6 66. Kb3 Kb6 67.
Ka4 Bd6 68. Nf2 Be7 69. Ne4 Bd8 70. Nc3 Kc6 71. Nd5 Kd6 72. Kb3 Ke5 73. Kc3 Ke4 74.
a4 Kf3 75. Kd3 Kg3 76. Ke3 Kxh3 77. Kf3 Kh4 78. Ne3 Kh3 79. Ng2 Bc7 80. Ne3 Bd8 81.
Nd5 1-0

[Event "Late-Titled-Tuesday-Blitz-September-26-2023"]
[Site "Chess.com"]
[Date "2023.09.26"]
[Round "2"]
[White "MikaelyanArman"]
[Black "IMRosen"]
[Result "1/2-1/2"]
[WhiteElo "2837"]
[BlackElo "2555"]
[TimeControl "180+1"]
[EndTime "14:19:42 PDT"]
[Termination "Game drawn - insufficient material"]

1. Nf3 d5 2. d4 Nf6 3. c4 e6 4. Nc3 Nbd7 5. e3 a6 6. b3 b6 7.
Bb2 Bb7 8. Be2 Bd6 9. O-O O-O 10. Rc1 Qe7 11. Qc2 Rac8 12. cxd5 exd5 13. Nh4 g6 14. Nf3 Rfe8 15. h3 Ne4 16. Nxe4 dxe4 17. Nd2 Qg5 18. d5 Bxd5 19. Bxa6 Ra8 20. Bc4 Rxa2 21. Bxd5 Qxd5 22.
Rfd1 Nc5 23. Nc4 Nd3 24. Qc3 Rxb2 25. Nxd6 Qxd6 26. Rxd3 exd3 27. Qxb2 d2 28. Rd1 Rd8 29. Qc3 c5 30. h4 Qd3 31. Qf6 Rd6 32. Qa1 Qxb3 33.
h5 gxh5 34. Qa8+ Kg7 35. Qf3 Qd5 36. e4 Qg5 37. Qc3+ Rd4 38. e5 h4 39. e6 fxe6 40.
Qf3 Kg6 41. Qf8 h3 42. Qg8+ Kf6 43. Qf8+ Ke5 44. g3 Qf6 45. Qb8+ Kf5 46. Qe8 e5 47. Qh5+ Ke6 48. Qe8+ Qe7 49. Qc8+ Qd7 50. Qf8 Qd6 51.
Qe8+ Kd5 52. Qa8+ Qc6 53. Qg8+ Kd6 54. Qd8+ Qd7 55. Qxb6+ Ke7 56. Qxc5+ Qd6 57. Qc8 e4 58. Qb7+ Qd7 59. Qa6 Qd6 60. Qa7+ Qd7 61. Qc5+ Kf7 62. Qh5+ Kg7 63. Qg5+ Kf8 64. Qh6+ Ke8 65. Qh5+ Kd8 66. Qa5+ Qc7 67. Qg5+ Qe7 68. Qa5+ Qc7 69. Qg5+ Kc8 70. Qf5+ Qd7 71. Qc5+ Kd8 72. Qa5+ Ke8 73. Qh5+ Kf8 74. Qh6+ Kg8 75. Qg5+ Kf7 76. Qh5+ Kf6 77. Qh6+ Ke5 78.
Qg5+ Kd6 79. Qxd2 Rxd2 80. Rxd2+ Ke6 81. Rxd7 Kxd7 82. Kh2 Ke6 83. Kxh3 Kf5 84. Kh4 e3 85. fxe3 Ke4 86. Kg5 Kxe3 87. g4 Kf3 88. Kh5 Kf4 89. g5 Kf5 90. Kh6 Kg4 91. g6 hxg6 92. Kxg6 1/2-1/2

[Event "Late-Titled-Tuesday-Blitz-September-26-2023"]
[Site "Chess.com"]
[Date "2023.09.26"]
[Round "2"]
[White "UK_23"]
[Black "ritanovikova"]
[Result "1/2-1/2"]
[WhiteElo "2437"]
[BlackElo "2168"]
[TimeControl "180+1"]
[EndTime "14:19:47 PDT"]
[Termination "Game drawn - insufficient material"]

1. e4 d5 2. exd5 Qxd5 3. Nc3 Qd6 4. d4 Nf6 5. Nf3 Bf5 6. g3 c6 7. Bg2 e6 8. O-O Nbd7 9. Nh4 Bg4 10. Qd3 Qc7 11.
h3 Bh5 12. Bf4 Bd6 13. Bxd6 Qxd6 14. g4 Qf4 15. Ne2 Qg5 16. Qg3 Bg6 17. f4 Qa5 18. f5 exf5 19. gxf5 Bh5 20. Nf4 O-O 21. Qg5 Qd2 22.
Rf2 Qe3 23. Ne6 Qxg5 24. Nxg5 h6 25. Ne4 Nxe4 26. Bxe4 Nf6 27. Bg2 g5 28. fxg6 fxg6 29. Raf1 Kg7 30. c3 Nd7 31. Nf3 g5 32. Nd2 Rxf2 33.
Rxf2 Re8 34. Ne4 Re7 35. Nd6 Nb6 36. Kf1 Bg6 37. b3 Rd7 38. Ne4 Nd5 39. Nc5 Ne3+ 40.
Kg1 Re7 41. Re2 Bh5 42. Re1 b6 43. Nd3 Be8 44. Ne5 Nd5 45. Bxd5 cxd5 46. Kf2 Rc7 47. Re3 Bg6 48. Ke2 Bf5 49. Kd2 Bxh3 50. Rxh3 Re7 51.
Rd3 Kf6 52. c4 Ke6 53. Re3 Kd6 54. Kd3 h5 55. b4 g4 56. c5+ bxc5 57. bxc5+ Kc7 58.
Ng6 Rg7 59. Nh4 g3 60. Ke2 g2 61. Nf3 g1=Q 62. Nxg1 Rxg1 63. Rh3 Rg2+ 64. Ke3 Rxa2 65. Rxh5 Kc6 66. Rh6+ Kb5 67. Kf4 Kc4 68. Ke5 Re2+ 69. Kd6 Kxd4 70. c6 Rc2 71. c7 a5 72. Rh4+ Kd3 73.
Ra4 d4 74. Rxa5 Rxc7 75. Kxc7 Kc3 76. Rc5+ Kb2 77. Rd5 Kc3 78. Kd6 d3 79. Rc5+ Kb2 80. Rb5+ Kc3 81. Rc5+ Kb2 82. Ke5 d2 83. Rd5 Kc2 84.
Rc5+ Kb2 85. Rd5 Kc2 86. Ke4 d1=Q 87. Rxd1 Kxd1 1/2-1/2

[Event "Late-Titled-Tuesday-Blitz-September-26-2023"]
[Site "Chess.com"]
[Date "2023.09.26"]
[Round "2"]
[White "pedromartinez91"]
[Black "krzyzan94"]
[Result "0-1"]
[WhiteElo "2535"]
[BlackElo "2817"]
[TimeControl "180+1"]
[EndTime "14:19:52 PDT"]
[Termination "krzyzan94 won by checkmate"]

1. e4 c5 2. Nf3 d6 3. d4 cxd4 4. Nxd4 Nf6 5. Nc3 a6 6. a4 g6 7.
Be2 Bg7 8. O-O O-O 9. Re1 Bd7 10.
Bf1 Nc6 11. Nb3 Rc8 12. Bg5 Nb4 13. a5 Ng4 14. Nd5 Nxd5 15. exd5 Nf6 16. c3 Re8 17. Be3 Bf5 18. f3 h5 19. Nd4 Qd7 20. c4 e5 21.
dxe6 Bxe6 22. Qa4 Qxa4 23. Rxa4 Bd7 24. Raa1 Ng4 25. fxg4 Rxe3 26. Nc2 Rxe1 27. Rxe1 hxg4 28. Re7 Rc7 29. Nb4 Bd4+ 30. Kh1 Bf6 31. Re4 Be6 32. b3 Kg7 33. g3 Be5 34. Kg1 f5 35. Re2 Kf6 36.
Kf2 Rc5 37. Ra2 Bc3 38. Nd3 Rxa5 39. Rxa5 Bxa5 40. Bg2 b5 41. cxb5 axb5 42. b4 Bb6+ 43. Ke2 Bc4 44. Bc6 Bg1 45. Kd2 Bxh2 46. Nb2 Bf1 47.
Ke1 Bc4 48. Kf2 f4 49. gxf4 Bxf4 50. Nxc4 bxc4 51. Bd5 g3+ 52. Kf3 c3 53. Bb3 d5 54.
Bc2 d4 55. b5 Bc7 56. Bd3 Ke7 57. Bxg6 Be5 58. b6 Kd6 59. b7 Kc7 60. Be4 Kb8 61.
Ke2 Bf4 62. Kd3 Be3 63. Bg2 Kc7 64. Bf3 Kb8 65. Bg2 Bf2 66. Bf3 Ka7 67. Bg2 Bg1 68.
Bf3 Be3 69. Bg2 Kb8 70. Bf3 Bg5 71. Bg2 Bf6 72. Kc2 Bg7 73. Kd3 Kc7 74. Kc2 Be5 75.
Kd3 Kb6 76. Bf3 Kc5 77. Bg2 Kb4 78. Bd5 Ka3 79. Kc2 Ka4 80. Be4 Kb4 81. Bd5 Ka3 82. Be4 d3+ 83. Kxd3 Kb2 84. Ke2 c2 85. Bxc2 Kxc2 86.
b8=Q Bxb8 87. Kf3 Kd3 88. Kg2 Ke2 89. Kh1 Bd6 90. Kg2 Ke3 91. Kh1 Kf3 92. Kg1 Bc5+ 93. Kh1 g2+ 94. Kh2 g1=Q+ 95. Kh3 Qh1# 0-1

[Event "Late-Titled-Tuesday-Blitz-September-26-2023"]
[Site "Chess.com"]
[Date "2023.09.26"]
[Round "2"]
[White "eCztery"]
[Black "cassoulet"]
[Result "1-0"]
[WhiteElo "2403"]
[BlackElo "2749"]
[TimeControl "180+1"]
[EndTime "14:19:57 PDT"]
[Termination "eCztery won by checkmate"]

1. e4 e6 2. Nc3 c5 3. Nf3 Nc6 4. d4 cxd4 5. Nxd4 Nf6 6. g3 Bb4 7. Bg2 O-O 8. O-O d5 9. exd5 exd5 10. Bg5 Bxc3 11. bxc3 Be6 12. Rb1 h6 13. Bxf6 Qxf6 14. Rxb7 Rac8 15. Re1 Nxd4 16. cxd4 Rc4 17. c3 Rxc3 18.
Rxa7 Rfc8 19. Qd2 R3c4 20. Qe3 Rxd4 21. a4 g5 22. a5 Ra4 23. a6 Ra2 24. h4 gxh4 25.
gxh4 Rc3 26. Qb6 Rcc2 27. Ra8+ Kg7 28. Rf1 Qxh4 29. Qb8 Rc8 30. Qe5+ Qf6 31. Qg3+ Qg6 32.
Rxc8 Bxc8 33. Qc3+ Kh7 34. Qxc8 Rxa6 35. Qh3 d4 36. Qg3 Kg7 37. Qe5+ Qf6 38. Qxf6+ Kxf6 39. Rd1 Rd6 40. Rd3 Ke5 41. f3 f5 42. Kf2 Kf4 43.
Rd2 d3 44. Bf1 h5 45. Rxd3 Rb6 46. Rd4+ Ke5 47. Rd2 Rb3 48. Kg3 h4+ 49. Kf2 Kf4 50.
Bh3 Rxf3+ 51. Kg2 Rg3+ 52. Kh2 Ra3 53. Rf2+ Rf3 54. Re2 Kg5 55. Rg2+ Kf4 56. Re2 Kg5 57. Bg2 Rf4 58. Kh3 Ra4 59. Re3 Kf4 60. Rf3+ Kg5 61. Rb3 Rc4 62. Rd3 Rg4 63. Re3 Rf4 64. Kh2 Rg4 65.
Re8 Kf4 66. Rh8 Ke3 67. Rh5 f4 68. Bh3 Rg3 69. Rxh4 Rf3 70. Bg2 Rf2 71. Kg1 Ra2 72. Rh3+ Kd4 73. Rf3 Ke5 74. Rf1 Rb2 75. Bf3 Kf5 76.
Re1 Kg5 77. Be2 Kh4 78. Kf2 Rb3 79. Rh1+ Kg5 80. Rg1+ Kf5 81. Rh1 Rb2 82. Rh5+ Ke4 83. Rh3 Ra2 84. Rf3 Kf5 85. Rb3 Ra4 86. Kf3 Kg5 87.
Rb5+ Kh4 88. Rd5 Rb4 89. Bd3 Ra4 90. Bg6 Ra3+ 91. Kxf4 Kh3 92. Be4 Kh2 93. Rd1 Rf3+ 94.
Bxf3 Kh3 95. Rh1# 1-0

[Event "Late-Titled-Tuesday-Blitz-September-26-2023"]
[Site "Chess.com"]
[Date "2023.09.26"]
[Round "3"]
[White "giomar27"]
[Black "ErikRonka"]
[Result "0-1"]
[WhiteElo "2273"]
[BlackElo "2491"]
[TimeControl "180+1"]
[EndTime "14:22:24 PDT"]
[Termination "ErikRonka won by resignation"]

1. e4 c6 2. Nc3 d5 3. d3 e5 4. g3 Nf6 5. Bg2 Bc5 6. Nge2 O-O 7. O-O Be6 8. h3 Nbd7 9. Kh1 Re8 10. f4 exf4 11. gxf4 dxe4 12. dxe4 Bc4 13. e5 Nh5 14. b3 Ba6 15. Qe1 f6 16. Ne4 fxe5 17. f5 Ndf6 18. Bg5 Bxe2 19. Nxc5 Bxf1 20. Bxf1 Qd5+ 0-1

[Event "Late-Titled-Tuesday-Blitz-September-26-2023"]
[Site "Chess.com"]
[Date "2023.09.26"]
[Round "3"]
[White "Balla_Tamas"]
[Black "HalfIsCrayfish"]
[Result "0-1"]
[WhiteElo "2414"]
[BlackElo "2606"]
[TimeControl "180+1"]
[EndTime "14:23:11 PDT"]
[Termination "HalfIsCrayfish won by resignation"]

1. e4 e6 2. d4 d5 3. Nd2 dxe4 4. Nxe4 Nf6 5. Nxf6+ gxf6 6. Nf3 f5 7. Bg5 Be7 8.
Bxe7 Qxe7 9. Qd2 Nd7 10. O-O-O c6 11. Ne5 Nxe5 12. dxe5 Bd7 13. f4 Rd8 14. Be2 O-O 15. Qa5 a6 16. Rd6 Bc8 17. Rhd1 Rxd6 18. exd6 Qd8 19. d7 Qxa5 0-1

[Event "Late-Titled-Tuesday-Blitz-September-26-2023"]
[Site "Chess.com"]
[Date "2023.09.26"]
[Round "3"]
[White "MITerryble"]
[Black "Andrei_Skvortsov"]
[Result "1-0"]
[WhiteElo "2935"]
[BlackElo "2672"]
[TimeControl "180+1"]
[EndTime "14:23:14 PDT"]
[Termination "MITerryble won by resignation"]

1. d4 d5 2. Bg5 c6 3. e3 Qb6 4. b3 Nf6 5. Bd3 Nbd7 6. Nf3 h6 7. Bh4 e6 8. O-O c5 9. c4 Be7 10. Nc3 cxd4 11. exd4 dxc4 12. bxc4 Qa5 13. Qd2 Bb4 14. Rfc1 Qd8 15. Qb2 Be7 16. d5 exd5 17. Nxd5 Nxd5 18. Qxg7 Bf6 19. Re1+ Ne5 20. Rxe5+ Be6 21. Rxe6+ 1-0

[Event "Late-Titled-Tuesday-Blitz-September-26-2023"]
[Site "Chess.com"]
[Date "2023.09.26"]
[Round "3"]
[White "MikaelyanArman"]
[Black "Djager97"]
[Result "1-0"]
[WhiteElo "2840"]
[BlackElo "2581"]
[TimeControl "180+1"]
[EndTime "14:23:17 PDT"]
[Termination "MikaelyanArman won by resignation"]

1. e4 e5 2. Nf3 Nc6 3. Bb5 a6 4.
Ba4 Nf6 5. d3 b5 6. Bb3 Bc5 7. Be3 Bxe3 8. fxe3 d6 9. O-O O-O 10.
a4 b4 11. Nbd2 Ne7 12. Nh4 Ng6 13. Nxg6 hxg6 14. Nf3 c6 15. Qe1 Qe7 16. Qh4 d5 17. Ng5 Rd8 18. Rxf6 Qxf6 19. Rf1 Bf5 20. exf5 gxf5 21. Qh7+ Kf8 22. Rxf5 1-0

[Event "Late-Titled-Tuesday-Blitz-September-26-2023"]
[Site "Chess.com"]
[Date "2023.09.26"]
[Round "3"]
[White "UK_23"]
[Black "The_Princess_Moon"]
[Result "1-0"]
[WhiteElo "2445"]
[BlackElo "2269"]
[TimeControl "180+1"]
[EndTime "14:23:20 PDT"]
[Termination "UK_23 won by resignation"]

1. e4 c5 2. Nf3 a6 3. g3 b5 4. Bg2 Bb7 5. Qe2 Nf6 6. e5 Nd5 7. Nc3 Nxc3 8. dxc3 e6 9. a4 c4 10. O-O Be7 11. Rd1 O-O 12. h4 Qc7 13. Bf4 Rd8 14. h5 d6 15. h6 g6 16. exd6 Bxd6 17. Rxd6 Rxd6 18. Qe5 f5 19. Qxd6 Qxd6 20. Bxd6 Nd7 21.
axb5 axb5 22. Rxa8+ Bxa8 23. Ne5 Nxe5 24. Bxe5 1-0

[Event "Late-Titled-Tuesday-Blitz-September-26-2023"]
[Site "Chess.com"]
[Date "2023.09.26"]
[Round "3"]
[White "AsaHoffmann"]
[Black "dadice10"]
[Result "1-0"]
[WhiteElo "2401"]
[BlackElo "2236"]
[TimeControl "180+1"]
[EndTime "14:23:30 PDT"]
[Termination "AsaHoffmann won by resignation"]

1. d4 d5 2. Bg5 f6 3. Bf4 c5 4. c3 Nc6 5. Nf3 cxd4 6. cxd4 Bg4 7.
Nbd2 Qb6 8. Qb3 Bxf3 9. Qxb6 axb6 10. Nxf3 e6 11. a3 Bb4+ 12. Bd2 Bxd2+ 13. Kxd2 Nge7 14. e3 Kd7 15. Bd3 Kd6 16. b3 h6 17. a4 g5 18.
h3 Rhc8 19. Rac1 Na5 20. Rb1 Rc7 21. Ke2 Rac8 22. Nd2 Rc3 23. b4 Nc4 24. Bxc4 dxc4 25. Ne4+ 1-0

[Event "Late-Titled-Tuesday-Blitz-September-26-2023"]
[Site "Chess.com"]
[Date "2023.09.26"]
[Round "3"]
[White "simplerXiao"]
[Black "PawnEatingZombie"]
[Result "1-0"]
[WhiteElo "2512"]
[BlackElo "2145"]
[TimeControl "180+1"]
[EndTime "14:23:44 PDT"]
[Termination "simplerXiao won by resignation"]

1. e4 Nf6 2. e5 Nd5 3. d4 d6 4. exd6 cxd6 5. Nf3 g6 6. Be2 Bg7 7. O-O O-O 8. c4 Nf6 9. h3 Nc6 10. Nc3 Bf5 11. Nh4 Ne4 12. Nxf5 gxf5 13. Be3 e5 14. dxe5 dxe5 15. Nxe4 fxe4 16. Qb3 Nd4 17. Bxd4 exd4 18. Qxb7 d3 19. Bh5 Qg5 20. Bxf7+ Kh8 21. Bd5 Rab8 22.
Qxa7 Rxb2 23. Bxe4 Rbxf2 24. Rxf2 Rxf2 25. Qxf2 1-0

[Event "Late-Titled-Tuesday-Blitz-September-26-2023"]
[Site "Chess.com"]
[Date "2023.09.26"]
[Round "3"]
[White "HamedWafa4"]
[Black "Roenko_Artur"]
[Result "1-0"]
[WhiteElo "2650"]
[BlackElo "2459"]
[TimeControl "180+1"]
[EndTime "14:23:46 PDT"]
[Termination "HamedWafa4 won by resignation"]

1. e4 e6 2. d4 d5 3. e5 c5 4. c3 Qb6 5. Nf3 Nc6 6. Be2 cxd4 7. cxd4 Nh6 8. Bxh6 Qxb2 9. O-O Qxa1 10. Qb3 gxh6 11. Nc3 Qxf1+ 12. Bxf1 Be7 13. Bd3 f5 14. exf6 Bxf6 15. Nb5 O-O 16. Qd1 e5 17. Nc7 Rb8 18. dxe5 Nxe5 19. Nxd5 Nxf3+ 20. Qxf3 Bg7 21. Ne7+ Kh8 22.
Qe4 Bf5 23. Nxf5 Rbe8 24. Ne7 1-0

[Event "Late-Titled-Tuesday-Blitz-September-26-2023"]
[Site "Chess.com"]
[Date "2023.09.26"]
[Round "3"]
[White "lucasmito"]
[Black "diamonds13"]
[Result "1-0"]
[WhiteElo "2730"]
[BlackElo "2309"]
[TimeControl "180+1"]
[EndTime "14:23:51 PDT"]
[Termination "lucasmito won by resignation"]

1. e4 c5 2. Nf3 e6 3. Nc3 Nc6 4. d4 cxd4 5. Nxd4 Nf6 6. Be2 Bb4 7.
O-O Bxc3 8. bxc3 Nxe4 9. Bd3 Nxc3 10. Qg4 Nxd4 11. Qxg7 Nce2+ 12. Kh1 Rf8 13. Bh6 Qe7 14. Rfe1 1-0

[Event "Late-Titled-Tuesday-Blitz-September-26-2023"]
[Site "Chess.com"]
[Date "2023.09.26"]
[Round "3"]
[White "sergeikim"]
[Black "komogro"]
[Result "1-0"]
[WhiteElo "2611"]
[BlackElo "2429"]
[TimeControl "180+1"]
[EndTime "14:23:56 PDT"]
[Termination "sergeikim won by resignation"]

1. d4 Nf6 2. c4 g6 3. Nc3 Bg7 4. e4 d6 5. Nge2 O-O 6. Ng3 c5 7. d5 e6 8. Be2 exd5 9. cxd5 a6 10.
a4 Re8 11. O-O h5 12. Bg5 Qa5 13. Qd2 Nh7 14. Bh4 Nd7 15. f4 Bd4+ 16. Kh1 Ndf6 17. f5 Qb4 18. fxg6 fxg6 19. Qh6 Qxb2 20. Qxg6+ Kh8 21.
Bxf6+ Nxf6 22. Nxh5 1-0

[Event "Late-Titled-Tuesday-Blitz-September-26-2023"]
[Site "Chess.com"]
[Date "2023.09.26"]
[Round "3"]
[White "OparinGrigoriy"]
[Black "sofaceindisguise"]
[Result "1-0"]
[WhiteElo "2975"]
[BlackElo "2701"]
[TimeControl "180+1"]
[EndTime "14:24:06 PDT"]
[Termination "OparinGrigoriy won by resignation"]

1. Nc3 c5 2. e4 Nc6 3. Nf3 g6 4. d4 cxd4 5. Nxd4 Bg7 6. Be3 Nf6 7. Bc4 O-O 8. Bb3 Re8 9. O-O d6 10. Nxc6 bxc6 11. h3 a5 12. Re1 Qc7 13. Bg5 Nd7 14.
Qd2 Nc5 15. Bc4 Be6 16. Bf1 a4 17. b4 axb3 18. axb3 Rxa1 19. Rxa1 Bxc3 20. Qxc3 Nxe4 21. Qe3 Nxg5 22. Qxg5 d5 23. h4 Qd6 24. h5 f6 25.
Qe3 Bf7 26. h6 Qe5 27. Qxe5 fxe5 28. Ra7 Kf8 29. Rc7 Ra8 30. Rxc6 Ra1 31. f3 Rb1 32.
Kf2 g5 33. Rc8+ 1-0

[Event "Late-Titled-Tuesday-Blitz-September-26-2023"]
[Site "Chess.com"]
[Date "2023.09.26"]
[Round "3"]
[White "kleinebeer98"]
[Black "FairChess_on_YouTube"]
[Result "0-1"]
[WhiteElo "2794"]
[BlackElo "3094"]
[TimeControl "180+1"]
[EndTime "14:24:10 PDT"]
[Termination "FairChess_on_YouTube won by resignation"]

1. e4 e6 2. c4 d5 3. cxd5 exd5 4. Qb3 dxe4 5. Nc3 Bd6 6. Nxe4 Nf6 7. d3 Be6 8. Qxb7 Bd5 9. Nxf6+ gxf6 10. Qb5+ Nc6 11. Bd2 Be5 12. Rc1 Rb8 13. Qa4 Qd7 14. Nf3 Bxb2 15.
Rb1 O-O 16. Be2 Rfe8 17. Kf1 Rxe2 18. Kxe2 Bxf3+ 0-1

[Event "Late-Titled-Tuesday-Blitz-September-26-2023"]
[Site "Chess.com"]
[Date "2023.09.26"]
[Round "3"]
[White "rasmussvane"]
[Black "hurricane7791"]
[Result "1-0"]
[WhiteElo "2987"]
[BlackElo "2703"]
[TimeControl "180+1"]
[EndTime "14:24:17 PDT"]
[Termination "rasmussvane won by resignation"]

1. Nf3 c5 2. c4 Nc6 3. Nc3 g6 4. e3 Nf6 5. d4 cxd4 6. exd4 d5 7.
cxd5 Nxd5 8. Qb3 Nxc3 9. Bc4 Nd5 10. Bxd5 e6 11. Bxc6+ bxc6 12. O-O Qd5 13. Qe3 f6 14.
Bd2 Rb8 15. Bc3 g5 16. Nd2 Kf7 17. f4 g4 18. Rae1 f5 19. b3 c5 20. Nc4 Bb7 21.
Rf2 h5 22. Ne5+ Kg8 23. Ng6 Rh6 24. Nxf8 Rxf8 25. dxc5 h4 26. Rd2 Qc6 27. Qe5 Rh7 28.
Qxe6+ Qxe6 29. Rxe6 h3 30. c6 Bc8 31. Rg6+ Kf7 32. Rf6+ Ke7 33. Rxf8 Kxf8 34. Rd8+ 1-0